 Dungeon Crawl Stone Soup version 0.31-a0-198-g2ad674f65e (webtiles) character file.

Game seed: 743790549201234651

18 qw the Shooter (level 2, -2/16 HPs)
             Began as a Deep Elf Hunter on June 25, 2023.
             Slain by Terence
             ... wielding a +0 mace
              (4 damage)
             ... on level 2 of the Dungeon.
             The game lasted 00:00:11 (677 turns).

qw the Shooter (Deep Elf Hunter)                     Turns: 677, Time: 00:00:11

Health: -2/16      AC:  5    Str:  8    XL:     2   Next: 48%
Magic:  4/4        EV: 10    Int: 13    God:
Gold:   51         SH:  0    Dex: 18    Spells: 1/1 levels left

rFire   . . .        Y - +0 shortbow
rCold   . . .        (shield currently unavailable)
rNeg    . . .        g - +0 ring mail
rPois   .            (no helmet)
rElec   .            (no cloak)
rCorr   .            (no gloves)
SInv    .            (no boots)
Will    .....        (no amulet)
Stlth   +            (no ring)
HPRegen 0.22/turn    (no ring)
MPRegen 0.09/turn

%: no passive effects
@: no status effects
A: subdued magic 1
a: no special abilities


You were on level 2 of the Dungeon.
You visited 1 branch of the dungeon, and saw 2 of its levels.

You collected 51 gold pieces.


Innate Abilities, Weirdness & Mutations

Your spells are a little easier to cast, but a little less powerful.


   Skills:
 - Level 1.5 Fighting
 + Level 6.3 Ranged Weapons
 - Level 2.4 Dodging
 - Level 1.2 Stealth


You had one spell level left.
You didn't know any spells.
Your spell library was empty.

Inventory:

Hand Weapons
 Y - a +0 shortbow (weapon)
Armour
 b - the +1 robe of the Lost Path {Rampage rF- rCorr Dex+2}
   (You found it on level 2 of the Dungeon)

   Dex:       It affects your dexterity (+2).
   rF:        It makes you vulnerable to fire.
   rCorr:     It protects you from acid and corrosion.
   Rampage:   It bestows one free step when moving towards enemies.
 g - a +0 ring mail (worn)
Scrolls
 a - a scroll of identify
 c - a scroll of poison {unknown}
 e - a scroll of teleportation {unknown}
Potions
 d - a potion of mutation

Dungeon Overview and Level Annotations

Branches:
Dungeon (2/15)

Altars:

Annotations:
D:2 Terence


Message History

The adder hisses angrily.
You shoot an arrow. The arrow hits the adder.
The adder is heavily wounded.
You shoot an arrow. The arrow hits the adder.
You kill the adder!
Found an escape hatch in the ceiling.
e - a scroll labelled MEUFAVVEROXT Terence the Incautious comes into view.
He is wielding a +0 mace.
Found 7 gold pieces.
Enter note: You shoot an arrow.
The arrow hits Terence but does no damage.
Terence shouts!
You shoot an arrow. The arrow hits Terence.
Terence is moderately wounded.
You shoot an arrow. The arrow hits Terence.
Terence is moderately wounded.
Terence hits you with a +0 mace!
You shoot an arrow.
The arrow hits Terence but does no damage.
Terence is moderately wounded.
Terence misses you.
You shoot an arrow.
The arrow hits Terence but does no damage.
Terence is moderately wounded.
Terence closely misses you.
You shoot an arrow.
The arrow hits Terence but does no damage.
Terence is moderately wounded.
Terence hits you with a +0 mace. x2
You shoot an arrow. The arrow hits Terence.
Terence is severely wounded.
Terence closely misses you.
You shoot an arrow. The arrow hits Terence.
Terence is severely wounded.
Terence misses you.
You shoot an arrow. The arrow hits Terence.
Terence is almost dead.
Terence barely misses you. Terence hits you with a +0 mace.
You die...

##.##.#. #.# #.##.#. #!#
######.##... #.#
###..^.....### ...
..#.####.#.# #.#
#.#.####.#.# #.#
#.#.##...#.#
#.###@###.#.##.###.#
#....@....#.##.#.#.# #
#...#.###.#.##.....###
$......................+
###...#.###.####.<..####
#.........# #.#.## #
##..#####.# #.### #. #.#
#.# # ..# #.# ### #.#


You could see Terence.

Vanquished Creatures
  An adder (D:2)
  A worm (D:1)
  A goblin (D:1)
  A ball python (D:1)
  A frilled lizard (D:2)
  2 kobolds (D:1)
  A rat (D:1)
8 creatures vanquished.

Notes
Turn   | Place    | Note
-------+----------+-------------------------------------------
     0 | D:1      | qw the Deep Elf Hunter began the quest for the Orb.
     0 | D:1      | Reached XP level 1. HP: 12/12 MP: 3/3
     0 | D:1      | 0 ||| qw: Version: 0.3-a-22-g0ed2b0b
     0 | D:1      | 0 ||| qw: Game counter: 5140
     0 | D:1      | 0 ||| qw: Melee chars always use a shield: true
     0 | D:1      | 0 ||| qw: God list: Okawaru
     0 | D:1      | 0 ||| qw: Allow faded altars: false
     0 | D:1      | 0 ||| qw: Do Orc after clearing Dungeon:15 true
     0 | D:1      | 0 ||| qw: Do second Lair branch before Depths: true
     0 | D:1      | 0 ||| qw: Lair rune preference: random
     0 | D:1      | 0 ||| qw: Goals: Normal
     0 | D:1      | 0 ||| PLANNING D:1-11
   424 | D:1      | Reached XP level 2. HP: 16/16 MP: 4/4
   523 | D:1      | 523 ||| UPGRADING to +0 ring mail.
   533 | D:1      | 533 ||| DROPPING +0 leather armour.
   534 | D:1      | 534 ||| READING 3 scrolls labelled ZAROEPPOUKO.
   535 | D:1      | 535 ||| DRINKING 2 fuming emerald potions.
   535 | D:1      | Gained mutation: Your spells are a little easier to cast,
                  | but a little less powerful. [potion of mutation]
   536 | D:1      | 536 ||| READING 2 scrolls of identify.
   536 | D:1      | 536 ||| IDENTIFYING fuming blue potion
   537 | D:1      | 537 ||| DROPPING scroll of butterflies.
   538 | D:1      | 538 ||| DROPPING potion of lignification.
   556 | D:2      | Identified the +1 robe of the Lost Path {Rampage rF- rCorr
                  | Dex+2}
   589 | D:2      | Reached skill level 6 in Ranged Weapons
   668 | D:2      | Noticed Terence
   674 | D:2      | HP: 1/16 [Terence/+0 mace (4)]
   677 | D:2      | Slain by Terence

Levels and vault maps discovered:
D:1:      minmay_arrival_widening_spiral_wide, layout_basic, nicolae_wormholes
D:2:      layout_loops_corners, uniq_terence

Skill      XL: |  1  2 |
---------------+-------+-----
Ranged Weapons | 6 |  6.3
Fighting       | |  1.5
Dodging        | |  2.4
Stealth        | |  1.2

Action                     || total
---------------------------++-------
   Fire: Shortbow          ||    30
    Use: Scroll            ||     2
         Potion            ||     1
  Dodge: Dodged            ||     5

Table legend:
 A = Non-vault XP
 B = Vault XP
 C = Vault XP percentage of total XP
 D = Non-vault monster count
 E = Vault monster count
 F = Vault count percentage of total count
                 A         B        C        D         E       F
            +---------+---------+-------+---------+---------+-------
      Total |      21 |       5 |  19.2 |       7 |       1 |  12.5
            +---------+---------+-------+---------+---------+-------
        D:1 |       7 |       5 |  41.7 |       5 |       1 |  16.7
        D:2 |      14 |       0 |   0.0 |       2 |       0 |   0.0
            +---------+---------+-------+---------+---------+-------
